 Dungeon Crawl Stone Soup version 0.27-a0-1087-gf39c287674 (webtiles) character file.

Game seed: 10377767778873893416

75 Gaff the Magician (level 4, 0/31 HPs)
             Began as a Djinni Venom Mage on Apr 26, 2021.
             Slain by a centaur skeleton (1 damage)
             ... on level 2 of the Dungeon.
             The game lasted 00:04:14 (2475 turns).

Gaff the Magician (Djinni Venom Mage)               Turns: 2475, Time: 00:04:15

Health: 0/31       AC:  2    Str:  7    XL:     4   Next: 31%
Gold:   55         EV: 13    Int: 18    God:
                   SH:  0    Dex: 13

rFire    + + .     SeeInvis .   e - +0 short sword
rCold    x . .     Faith    .   (no shield)
rNeg     . . .     Spirit   .   a - +0 robe
rPois    ∞         Reflect  .   (no helmet)
rElec    .         Harm     .   (no cloak)
rCorr    .         Rampage  .   (no gloves)
Will     .....                  (boots unavailable)
Stlth    ++........             (no amulet)
HPRegen  0.10/turn              (no ring)
MPRegen  0.00/turn              (no ring)

@: flying
A: fire resistance 2, cold vulnerability 1, float, innate caster, hp casting,
extra vitality 1
a: no special abilities


You were on level 2 of the Dungeon.
You visited 1 branch of the dungeon, and saw 2 of its levels.

You collected 55 gold pieces.

Inventory:

Hand Weapons
 b - a +0 dagger
 e - a +0 short sword (weapon)
Armour
 a - a +0 robe (worn)
Scrolls
 c - 2 scrolls of identify {unknown}
 d - a scroll of teleportation {unknown}
 g - a scroll of amnesia {unknown}
 k - a scroll of immolation {unknown}
Potions
 f - a potion of flight {unknown}
 h - a potion of curing {unknown}
 i - a potion of brilliance {unknown}
 j - 2 potions of attraction {unknown}


   Skills:
 + Level 0.2 Short Blades
 + Level 3.1 Dodging
 + Level 1.9 Stealth
 + Level 3.7 Spellcasting


You couldn't memorise any spells.
You knew the following spells:

 Your Spells              Type           Power      Damage    Failure   Level
a - Sting                 Tmut/Pois      64%        1d6       3%          1
b - Poisonous Vapours     Pois/Air       32%        N/A       4%          2
c - Mephitic Cloud        Conj/Pois/Air  16%        N/A       10%         3
d - Ignite Poison         Fire/Tmut/Pois 16%        N/A       10%         3
e - Olgreb's Toxic Radia  Pois           16%        N/A       32%         4
f - Freeze                Ice            64%        1d8       3%          1
Your spell library was empty.

Dungeon Overview and Level Annotations

Branches:
Dungeon (2/15)

Altars:


Innate Abilities, Weirdness & Mutations

You are immune to poison.
Your flesh is very heat resistant. (rF++)
You are vulnerable to cold. (rC-)
You float through the air rather than walking.
You learn spells naturally, not from books.
Your magical power is your life essence.
You have superior vitality. (+4 HP)


Message History

The centaur skeleton kicks you.
* * * LOW HITPOINT WARNING * * *
There is an open door here.
You hit the centaur skeleton.
The centaur skeleton is moderately damaged.
The centaur skeleton barely misses you.
The centaur skeleton kicks you but does no damage.
The centaur skeleton hits you.
* * * LOW HITPOINT WARNING * * *
The centaur skeleton kicks you but does no damage.
You hit the centaur skeleton.
The centaur skeleton is moderately damaged.
The centaur skeleton barely misses you.
The centaur skeleton closely misses you.
You hit the centaur skeleton.
The centaur skeleton is moderately damaged.
The centaur skeleton barely misses you.
The centaur skeleton completely misses you.
You hit the centaur skeleton but do no damage.
The centaur skeleton is moderately damaged.
The centaur skeleton closely misses you. x2
The centaur skeleton misses you. The centaur skeleton kicks you.
* * * LOW HITPOINT WARNING * * *
You hit the centaur skeleton but do no damage.
The centaur skeleton is moderately damaged.
The centaur skeleton barely misses you. The centaur skeleton kicks you.
* * * LOW HITPOINT WARNING * * *
Casting: Freeze (safe; 3% risk of failure)
Confirm with . or Enter, or press ? or * to list all spells.
The spell is quite dangerous to cast (10% risk of failure)!
Continue anyway?
Aiming: Mephitic Cloud (quite dangerous; 10% risk of failure)
Press: ? - help, Shift-Dir - straight line, f/p - centaur skeleton
Aim: a centaur skeleton (moderately damaged, not susceptible)
The ball explodes into a vile cloud!
The stinking cloud engulfs the centaur skeleton but does no damage.
The centaur skeleton is moderately damaged.
The stinking cloud engulfs you but does no damage.
* * * LOW HITPOINT WARNING * * *
The centaur skeleton hits you.
You die...

......(....≈# ##....#
†..#...#...≈#
#.....######
...##.##..^≈#
##...........
≈.........≈≈#
##.#########
≈≈.......≈≈≈# #.#
≈≈≈.....≈≈≈≈# #.#
≈≈≈≈≈≈≈≈≈≈≈≈# ##○##
############## ##Z..##
####...# #.###@§...##
..##...# #>##.......#
#.##...## ##.#.........#
........###..'.....(...+
#.#####....###.........#
#.# ##..## ##.......##
#.# ##.# ##.....## #.#
#.# ##...## ..# #.# #+##


You could see a centaur skeleton.

Vanquished Creatures
  3 adders (D:2)
  2 dart slugs (D:1)
  2 endoplasms
  A giant cockroach (D:1)
  4 goblins
  4 hobgoblins
  7 jackals (D:2)
  2 quokkas (D:2)
  3 ball pythons (D:1)
  3 bats (D:1)
  4 frilled lizards
  2 kobolds (D:1)
  6 rats
43 creatures vanquished.

Notes
Turn   | Place    | Note
-------+----------+-------------------------------------------
     0 | D:1      | Gaff the Djinni Venom Mage began the quest for the Orb.
     0 | D:1      | Reached XP level 1. HP: 15/15 MP: 0/0
   188 | D:1      | Reached XP level 2. HP: 13/21 MP: 0/0
  1001 | D:1      | Reached XP level 3. HP: 10/25 MP: 0/0
  1001 | D:1      | Learned a level 1 spell: Freeze
  2240 | D:2      | Reached XP level 4. HP: 24/31 MP: 0/0
  2475 | D:2      | Slain by a centaur skeleton

Illustrated notes

Levels and vault maps discovered:
D:1:      lemuel_arrival_lava_pool, layout_basic, minmay_tetromino_l4
D:2:      layout_loops_corners, kennysheep_generic_room_2

Skill      XL: |  1  2  3 |
---------------+----------+-----
Spellcasting   | 3 |  3.7
Dodging        | 3 |  3.1
Short Blades   | |  0.2
Stealth        | |  1.9

Action                   |  1- 3 |  4- 6 || total
-------------------------+-------+-------++-------
Melee: Short sword       |    29 |     5 ||    34
       Dagger            |    15 |       ||    15
 Cast: Sting             |     6 |     1 ||     7
       Poisonous Vapours |    40 |     5 ||    45
       Freeze            |     2 |     5 ||     7
       Mephitic Cloud    |       |     1 ||     1
Armor: Robe              |    13 |     5 ||    18
Dodge: Dodged            |    35 |    16 ||    51

Table legend: (Time is in decaauts)
 A = Elapsed time spent in this place.
 B = Non-inter-level travel time spent in this place.
 C = Inter-level travel time spent in this place.
 D = Time resting spent in this place.
 E = Time spent auto-exploring this place.
 F = Levels seen in this place.
 G = Mean time per level.
                   A        B        C        D        E       F      G
               +--------+--------+--------+--------+--------+-----+--------+
         Total |   2477 |   2418 |     59 |   1133 |    982 |   2 | 1238.5 |
       Dungeon |   2477 |   2418 |     59 |   1133 |    982 |   2 | 1238.5 |
               +--------+--------+--------+--------+--------+-----+--------+

Top non-repeatable levels by time:
     D:1: 1401 daAuts
     D:2: 1075 daAuts
